 Dungeon Crawl Stone Soup version 0.31-a0-675-g238779eb0a (webtiles) character file.

Game seed: 6856872471275690045

4594 Joey1 the Cleaver (level 10, 0/91 HPs)
             Began as a Minotaur Berserker on Sept 5, 2023.
             Was an Elder of Trog.
             Shot with an arrow by a centaur warrior (17 damage)
             ... on level 8 of the Dungeon.
             The game lasted 00:18:18 (8216 turns).

Joey1 the Cleaver (Minotaur Berserker)              Turns: 8216, Time: 00:18:19

Health: 0/91       AC: 11    Str: 34    XL:     10   Next: 19%
Magic:  9/9        EV: 11    Int:  4    God:    Trog [****..]
Gold:   337        SH:  5    Dex:  9    Spells: 9/9 levels left

rFire   . . .        C - +0 hand axe of Odwatueb {flame, Str+4}
rCold   . . .        g - +0 buckler
rNeg    + . .        l - +1 scale mail {rC+}
rPois   .            (helmet restricted)
rElec   +            (no cloak)
rCorr   .            A - +0 pair of gloves
SInv    .            F - +1 pair of boots
Will    +....        (no amulet) Stlth
                     m - ring of Quothrudd {rElec rC- rN+ Will+ Str+3}
HPRegen 0.35/turn    (no ring)
MPRegen 0.11/turn

%: no passive effects
@: studying Maces & Flails
A: horns 2, retaliatory headbutt
a: Renounce Religion, Berserk, Trog's Hand, Brothers in Arms


You were on level 8 of the Dungeon.
You worshipped Trog.
Trog was greatly pleased with you.
You visited 1 branch of the dungeon, and saw 8 of its levels.
You also visited: Sewer.

You collected 491 gold pieces.
You spent 154 gold pieces at shops.

Inventory:

Hand Weapons
 a - a +0 hand axe
 q - a +4 spear
 C - the +0 hand axe of Odwatueb (weapon) {flame, Str+4}
   (You found it on level 4 of the Dungeon)

   Str+4:     It affects your strength (+4).
 J - a +3 hand axe
Missiles
 r - 6 javelins
Armour
 b - a +0 animal skin
 g - a +0 buckler (worn)
 k - a +0 leather armour
 l - a +1 scale mail of cold resistance (worn)
 p - a +0 plate armour
 A - a +0 pair of gloves (worn)
 F - a +1 pair of boots (worn)
 K - a +0 plate armour
Jewellery
 m - the ring of Quothrudd (left hand) {rElec rC- rN+ Will+ Str+3}
   (You found it on level 2 of the Dungeon)

   [ring of positive energy]

   Str+3:     It affects your strength (+3).
   rC-:       It makes you vulnerable to cold.
   rElec:     It insulates you from electricity.
   rN+:       It protects you from negative energy.
   Will+:     It increases your willpower.
Talismans
 s - a granite talisman
Wands
 e - a wand of flame (14)
 G - a wand of mindburst (12)
 I - a wand of roots (9)
Scrolls
 c - 2 scrolls of amnesia
 d - 2 scrolls of fog
 f - 5 scrolls of teleportation
 t - 2 scrolls of poison
 v - a scroll of revelation {unknown}
 w - a scroll of brand weapon {unknown}
 x - 2 scrolls of blinking {unknown}
 y - 2 scrolls of immolation {unknown}
 D - a scroll of enchant weapon {unknown}
 L - 2 scrolls of noise {unknown}
Potions
 h - 7 potions of curing
 i - 2 potions of berserk rage
 j - a potion of haste {unknown}
 n - 2 potions of enlightenment
 o - 4 potions of mutation
 u - 2 potions of resistance
 z - a potion of cancellation {unknown}
 B - a potion of attraction {unknown}
 E - a potion of degeneration {unknown}
 H - a potion of lignification
 M - a potion of heal wounds {unknown}


   Skills:
 + Level 9.0 Fighting
 - Level 14.0 Axes
 - Level 3.0 Armour
 - Level 5.0 Dodging
 - Level 6.0 Shields


You had 9 spell levels left.
You didn't know any spells.
Your spell library was empty.

Dungeon Overview and Level Annotations

Branches:
Dungeon (8/15)             Temple (0/1) D:5           Sewer (visited)
   Lair: D:8-11

Altars:
Kikubaaqudgha
Makhleb

Shops:
D:5 *(

Annotations:
D:4 2 transporters


Innate Abilities, Weirdness & Mutations

You have a pair of horns on your head.
You reflexively headbutt those who attack you in melee.


Message History

The gnoll bouda is heavily wounded.
You barely miss the gnoll bouda.
The gnoll bouda is heavily wounded.
Your attacks no longer feel as feeble.
The gnoll bouda closely misses you.
You closely miss the gnoll bouda.
The gnoll bouda is heavily wounded.
The gnoll bouda hits you but does no damage.
You slash the gnoll bouda! You burn the gnoll bouda.
Your headbutt misses the gnoll bouda.
The gnoll bouda is almost dead.
The gnoll bouda barely misses you.
You slash the gnoll bouda! You burn the gnoll bouda.
You kill the gnoll bouda!
Trog accepts your kill.
Your Fighting skill increases to level 9!
No target in view!
You start resting.
You feel yourself speed up.
You start resting.
HP restored.
You now have 337 gold pieces (gained 38).
Things that are here:
a +0 whip; a +1 robe of willpower; a gnoll corpse
There is a stone staircase leading up, spattered with blood here.
A centaur warrior comes into view.
It is wielding the +3 quarterstaff "Qoqoicon" {antimagic, rCorr Str+2 Int+3}.
Found a stone staircase leading up.
The centaur warrior shouts!
The centaur warrior unwields the +3 quarterstaff "Qoqoicon" {antimagic, rCorr Str+2 Int+3}.
The centaur warrior wields a +0 shortbow.
The centaur warrior shoots an arrow.
The arrow hits you!!
You hear a shout!
The centaur warrior shoots an arrow.
The arrow hits you!!
The centaur warrior shoots an arrow.
The arrow barely misses you.
The centaur warrior shoots an arrow.
The arrow hits you!!
The centaur warrior shoots an arrow.
The arrow misses you.
The centaur warrior shoots an arrow.
The arrow hits you!
* * * LOW HITPOINT WARNING * * *
The centaur warrior shoots an arrow.
The arrow hits you!
You die...

#.c...... ##.#......
##c.#...... ##..## ...c.
#.###...## ....#
.........# #..#
##########.# ..# #.#
#.####..# #.# ##@.......
#..# ##..)...... #..###
##...)...... #..##.#
##..<........ #..##..###
#..).........
)###.....###............
.))..#..................
.)†.###.................
....# ##...)............


You could see a centaur warrior.

Vanquished Creatures
  Joseph (D:7)
  Jeremiah (D:7)
  An unseen horror (D:6)
  Grinder (D:3)
  A wraith (D:8)
  A yak (D:6)
  Menkaure (D:5)
  An acid dragon (D:6)
  4 water moccasins
  Duvessa (D:7)
  3 orc warriors
  A sky beast (D:6)
  2 ogres
  A centaur (D:7)
  4 kobold brigands
  2 phantoms (D:5)
  3 bullfrogs
  A scorpion (D:6)
  Dowan (D:7)
  8 howler monkeys
  A hound (D:6)
  2 jellies
  2 gnoll boudas
  3 orc priests
  5 iguanas
  Terence (D:2)
  A sleepcap (D:4)
  4 orc wizards
  3 gnolls (D:3)
  11 adders
  A river rat (Sewer)
  A shadow imp (D:7)
  2 white imps (D:5)
  2 dart slugs
  7 worms
  27 orcs
  8 ball pythons
  4 bats
  6 endoplasms
  5 giant cockroaches
  4 goblins
  7 hobgoblins
  14 jackals
  15 kobolds
  3 quokkas (D:4)
  2 frilled lizards
  6 rats
186 creatures vanquished.

Notes
Turn   | Place    | Note
-------+----------+-------------------------------------------
     0 | D:1      | Joey1 the Minotaur Berserker began the quest for the Orb.
     0 | D:1      | Reached XP level 1. HP: 19/19 MP: 0/0
   208 | D:1      | Reached XP level 2. HP: 27/27 MP: 1/1
   744 | D:1      | Reached skill level 4 in Axes
   750 | D:1      | Reached XP level 3. HP: 15/33 MP: 2/2
  1299 | D:2      | Noticed Terence
  1305 | D:2      | Killed Terence
  1306 | D:2      | Reached skill level 1 in Shields
  1564 | D:2      | Reached ** piety under Trog
  1615 | D:2      | Identified the ring of Quothrudd {rElec rC- rN+ Will+
                  | Str+3}
  1875 | D:2      | Found a faded altar of an unknown god.
  2055 | D:3      | Reached XP level 4. HP: 37/40 MP: 3/3
  2258 | D:3      | Reached XP level 5. HP: 47/47 MP: 4/4
  2275 | D:3      | Noticed Grinder
  2286 | D:3      | Killed Grinder
  2287 | D:3      | Reached skill level 5 in Fighting
  2287 | D:3      | Reached skill level 5 in Axes
  2287 | D:3      | Reached XP level 6. HP: 56/56 MP: 5/5
  3245 | D:4      | Found a transporter.
  3262 | D:4      | Found a transporter.
  3397 | D:4      | Found a glowing drain.
  3401 | Sewer    | Entered a sewer
  3473 | Sewer    | Reached XP level 7. HP: 36/61 MP: 6/6
  3496 | Sewer    | Reached skill level 6 in Axes
  3826 | Sewer    | Reached skill level 5 in Dodging
  3989 | D:4      | Reached *** piety under Trog
  4380 | D:4      | Reached skill level 5 in Shields
  4419 | D:4      | Found a burning altar of Makhleb.
  4419 | D:4      | Found an ancient bone altar of Kikubaaqudgha.
  4599 | D:4      | Identified the +0 hand axe of Odwatueb {flame, Str+4}
  4622 | D:5      | Entered Level 5 of the Dungeon
  4655 | D:5      | Reached skill level 7 in Axes
  4824 | D:5      | Noticed Menkaure
  4830 | D:5      | Killed Menkaure
  4831 | D:5      | Reached skill level 8 in Axes
  4831 | D:5      | Reached XP level 8. HP: 59/68 MP: 7/7
  4993 | D:5      | Found a staircase to the Ecumenical Temple.
  5062 | D:5      | Reached skill level 9 in Axes
  5298 | D:5      | Found Nidey's Weapon Boutique.
  5323 | D:5      | Found Ebuwerat's General Store.
  5423 | D:5      | Bought a scroll of teleportation for 42 gold pieces
  5423 | D:5      | Bought a potion of enlightenment for 70 gold pieces
  5423 | D:5      | Bought a potion of lignification for 42 gold pieces
  5719 | D:6      | Reached skill level 10 in Axes
  5733 | D:6      | Reached **** piety under Trog
  5734 | D:6      | Reached skill level 11 in Axes
  5745 | D:6      | Reached XP level 9. HP: 16/74 MP: 8/8
  6412 | D:6      | Reached skill level 12 in Axes
  6667 | D:7      | Noticed Jeremiah
  6722 | D:7      | Noticed Duvessa
  6724 | D:7      | Noticed Dowan
  6734 | D:7      | Killed Duvessa
  6735 | D:7      | Reached skill level 13 in Axes
  6735 | D:7      | Killed Dowan
  7022 | D:7      | Killed Jeremiah
  7087 | D:6      | Killed an unseen horror
  7088 | D:6      | Reached skill level 14 in Axes
  7483 | D:7      | Noticed Joseph
  7512 | D:7      | Killed Joseph
  7948 | D:8      | Reached XP level 10. HP: 86/86 MP: 9/9
  8191 | D:8      | Identified the +3 quarterstaff "Qoqoicon" {antimagic, rCorr
                  | Str+2 Int+3}
  8191 | D:8      | Noticed a centaur warrior
  8216 | D:8      | Shot with an arrow by a centaur warrior

Illustrated notes

Levels and vault maps discovered:
D:1:      dreamdust_arrival_sigmund_warning, layout_loops_corners
D:2:      layout_loops_ring, chequers_ecumenical_altar_lobes, uniq_terence
D:3:      layout_loops_ring, small_statue_intersection,
          nicolae_underground_beach, uniq_grinder
D:4:      gammafunk_wand_slinger, layout_basic, gammafunk_temple_overflow_claw,
          gup_sewer_entry_bowl, nicolae_houndstooth_variations
D:5:      layout_cave_pools, minmay_temple_entry_grid, serial_shops,
          nicolae_shop_hallway_stairs, nicolae_inconvenience_store,
          minmay_manual_mess, uniq_menkaure
D:6:      layout_loops_ring, serial_rivers, chequers_serial_rivers_room_a,
          chequers_serial_rivers_room_a, chequers_serial_rivers_micro_e,
          chequers_serial_rivers_micro_e, chequers_serial_rivers_micro_e,
          chequers_serial_rivers_room_a, minmay_manual_moon
D:7:      layout_cave_pools, chequers_serial_rivers_room_b, uniq_jeremiah,
          uniq_joseph, uniq_duvessa
D:8:      minmay_the_grid_octo_triangle [minmay_the_grid_octo_pinwheel,
          minmay_the_grid_octo_prize_square_snowflake,
          minmay_the_grid_octo_fat_diamond], layout_cave_pods,
          amcnicky_altar_gilded, minivault_10, minmay_statues_item

Skill      XL: |  1  2  3  4  5  6  7  8  9 10 |
---------------+-------------------------------+-----
Fighting       | 4 5 7 9 |  9.0
Axes           | 4 5 8 11 14 | 14.0
Armour         | 3 |  3.0
Shields        | 1 2 3 4 6 |  6.0
Dodging        | 3 4 5 |  5.0

Action                     |  1- 3 |  4- 6 |  7- 9 | 10-12 || total
---------------------------+-------+-------+-------+-------++-------
  Melee: Hand axe          |    68 |   121 |   327 |    51 ||   567
         Headbutt          |    10 |    20 |    50 |     7 ||    87
 Invoke: Berserk           |     1 |     2 |     4 |     1 ||     8
         Trog's Hand       |       |     2 |       |       ||     2
    Use: Scroll            |       |       |     7 |       ||     7
         Potion            |       |       |     1 |       ||     1
   Stab: Sleeping          |     1 |       |       |       ||     1
 Armour: Animal skin       |    35 |       |       |       ||    35
         Scale mail        |     7 |    85 |   180 |    30 ||   302
         Leather armour    |     5 |       |       |       ||     5
  Dodge: Dodged            |    41 |    55 |   133 |    16 ||   245
  Block: Buckler           |     5 |    28 |    40 |     6 ||    79
         Form:             |       |     1 |       |       ||     1
         Statue            |       |     1 |       |       ||     1

Table legend: (Time is in decaauts)
 A = Elapsed time spent in this place.
 B = Non-inter-level travel time spent in this place.
 C = Inter-level travel time spent in this place.
 D = Time resting spent in this place.
 E = Time spent auto-exploring this place.
 F = Levels seen in this place.
 G = Mean time per level.
                   A        B        C        D        E       F      G
               +--------+--------+--------+--------+--------+-----+--------+
         Total |   8327 |   7860 |    467 |   1508 |   4880 |   9 |  925.2 |
       Dungeon |   7722 |   7255 |    467 |   1349 |   4656 |   8 |  965.2 |
         Sewer |    605 |    605 |      0 |    159 |    223 |   1 |  605.0 |
               +--------+--------+--------+--------+--------+-----+--------+

Top non-repeatable levels by time:
     D:6: 1379 daAuts
     D:1: 1226 daAuts
     D:3: 1037 daAuts
     D:5: 1007 daAuts
     D:2: 950 daAuts
     D:7: 941 daAuts
     D:4: 911 daAuts
   Sewer: 605 daAuts
     D:8: 267 daAuts
